 Dungeon Crawl Stone Soup version 0.29-a0-887-gcbe080d7e0 (webtiles) character file.

Game seed: 9364703780300491619

19738 mcwallace the Prestidigitator (level 12, 0/94 HPs)
             Began as a Demonspawn Artificer on July 21, 2022.
             Was an Initiate of Yredelemnul.
             Slain by a polar bear (3 damage)
             ... in an ice cave.
             The game lasted 00:52:28 (16322 turns).

mcwallace the Prestidigitator (DsAr)               Turns: 16322, Time: 00:52:28

Health: 0/94       AC: 18    Str: 13    XL:     12   Next: 39%
Magic:  23/23      EV: 13    Int: 16    God:    Yredelemnul [......]
Gold:   736        SH:  0    Dex: 15    Spells: 23/26 levels left

rFire   . . .      SeeInvis .   P - +2 rapier (venom) {short}
rCold   + . .      Faith    .   (no shield)
rNeg    . . .      Spirit   .   N - +2 plate armour {rC+}
rPois   .          Reflect  .   (helmet unavailable)
rElec   .          Harm     .   F - +2 cloak {Will+}
rCorr   .          Rampage  .   (no gloves)
Will    ++...                   (no boots)
Stlth   ..........              e - amulet of magic regeneration {@e2}
HPRegen 0.25/turn               R - +4 ring of evasion
MPRegen 0.58/turn               G - ring of willpower

@: invisible
A: horns 3, powered by death 1, sturdy frame 2
a: Renounce Religion, Recall Undead Harvest


You were in an ice cave.
You worshipped Yredelemnul.
Yredelemnul was aware of your devotion.
You visited 3 branches of the dungeon, and saw 12 of its levels.
You also visited: Ice Cave.

You collected 736 gold pieces.


Innate Abilities, Weirdness & Mutations

You have a pair of large horns on your head.
You regenerate a little health from kills.
Your movements are less encumbered by armour. (ER -4)


   Skills:
 + Level 8.3 Fighting
 + Level 7.8 Armour
 + Level 7.6 Dodging
 - Level 0.8 Stealth
 + Level 7.5 Spellcasting
 + Level 7.7 Necromancy
 + Level 8.5 Invocations
 + Level 8.9 Evocations


You had 23 spell levels left.
You knew the following spells:

 Your Spells              Type           Power      Damage    Failure   Level
a - Vampiric Draining     Necr           30%        2d8       19%         3

Your spell library contained the following spells:

 Spells                   Type           Power      Damage    Failure   Level
 Slow                     Hex            24%        N/A       85%         1
 Confusing Touch          Hex            6%         N/A       99%         3
 Gell's Gravitas          Tloc           6%         N/A       99%         3
 Lesser Beckoning         Tloc           6%         N/A       99%         3
 Teleport Other           Tloc           6%         N/A       99%         3
 Freezing Cloud           Conj/Ice/Air   3%         6-21      100%        5
 Polar Vortex             Ice            3%         N/A       100%        9
 Simulacrum               Ice/Necr       Unusable   N/A       N/A         6

Inventory:

Hand Weapons
 h - a +1 vorpal shortbow {bow}
   (You found it on level 2 of the Lair of Beasts)
 i - a +3 halberd {polearm}
   (You took it off a wight on level 6 of the Dungeon)
 z - a +2 hammer of protection
   (You found it on level 2 of the Dungeon)
 P - a +2 rapier of venom (weapon) {short}
   (You found it on level 4 of the Dungeon)
Missiles
 l - 6 boomerangs {throwing}
 o - 4 atropa-tipped darts (quivered) {throwing}
 A - 4 throwing nets {=f!fthrowing}
Armour
 f - a +0 leather armour of fire resistance
   (You found it on level 1 of the Dungeon)
 k - +0 steam dragon scales
   (You took it off Maggie on level 6 of the Dungeon)
 C - a +0 chain mail
   (You took it off a wight on level 6 of the Dungeon)
 D - a +0 leather armour
   (You found it on level 3 of the Dungeon)
 F - a +2 cloak of willpower (worn)
   (You found it on level 3 of the Dungeon)
 K - a +0 chain mail
   (You took it off an orc on level 3 of the Dungeon)
 N - a +2 plate armour of cold resistance (worn)
   (You found it in an ice cave)
 T - a +0 ring mail
   (You found it on level 5 of the Dungeon)
 U - a +0 ring mail
   (You took it off an orc on level 6 of the Dungeon)
 W - a +2 robe of cold resistance
   (You took it off Sigmund on level 5 of the Dungeon)
 Y - a +0 helmet
   (You found it on level 5 of the Dungeon)
 Z - a +0 ring mail
   (You took it off a gnoll sergeant on level 6 of the Dungeon)
Jewellery
 e - an amulet of magic regeneration (around neck) {@e2}
   (You found it on level 1 of the Lair of Beasts)
 G - a ring of willpower (right hand)
   (You found it on level 3 of the Dungeon)
 I - a ring of resist corrosion
   (You found it on level 3 of the Dungeon)
 Q - a ring of fire
   (You found it on level 6 of the Dungeon)
 R - a +4 ring of evasion (left hand)
   (You found it on level 4 of the Dungeon)
Wands
 c - a wand of flame (15)
Scrolls
 a - 2 scrolls of teleportation {@r4}
 b - 3 scrolls of torment {!r}
 j - a scroll of poison {unknown}
 m - a scroll of blinking {unknown}
 n - a scroll of enchant armour
 p - 2 scrolls of enchant weapon {unknown}
 r - a scroll of brand weapon {unknown}
 v - 2 scrolls of immolation {unknown}
 w - a scroll of summoning {unknown}
 B - a scroll of vulnerability {unknown}
 L - a scroll of amnesia {unknown}
 M - 2 scrolls of magic mapping {!r}
Potions
 g - 4 potions of lignification {!q}
 t - 3 potions of mutation {unknown}
 u - 3 potions of haste {unknown}
 x - 2 potions of resistance
 E - 2 potions of berserk rage {unknown}
 H - a potion of magic {unknown}
 J - a potion of brilliance {unknown}
 O - 4 potions of invisibility
 S - a potion of flight {unknown}

Dungeon Overview and Level Annotations

Branches:
Dungeon (8/15) Zot: 24532  Temple (1/1) D:6 Zot: 5845    Lair (3/5) D:8 Zot: 15176
  Swamp (0/4) Lair:2       Spider (0/4) Lair:2        IceCv (1/1) Zot: 3809

Altars:
Ashenzari
Cheibriados
Dithmenos
Fedhas
Gozag
Hepliaklqana
Kikubaaqudgha
Makhleb
Nemelex Xobeh
Okawaru
Qazlal
Ru
Sif Muna
Trog
Uskayaw
Vehumet
Wu Jian
Xom
Yredelemnul

Shops:
D:6 (

Annotations:
D:2 1 runed translucent door, Crazy Yiuf
D:3 3 runed translucent doors, Kazon's ghost, amateur OgGl
D:6 2 transporters, kevlar127's ghost, novice TrBe
D:7 1 runed translucent door, mcwallace's ghost, novice VSSu
Lair:1 2 transporters, spiderkeys's ghost, journeyman OpCj
Lair:2 3 runed translucent doors, iguanaiguana's ghost, journeyman SpHu

### ###h..##≈≈≈
###h#####hhh###≈≈≈≈
###..#.##.C#.#.#≈≈≈≈≈
#..####.C####.####≈≈≈
###..# #######..##≈≈≈≈
##...## ###....###≈≈≈≈≈
#)...[###...#....######
##..h###..####..Z..##.Z
##..h@..## ##......##
######## ########


You could see 2 polar bears.


Message History

😱 HP[-33]
You take 33 damage, and now have 1/93 hp.
MASSIVE DAMAGE!! (PAUSE)
You feel much better.
You flicker back into view.
The frost giant misses you. 😱 HP[+20]
You regained 20 hp, and now have 21/93 hp.
You feel much better.
The frost giant points at you and mumbles some strange words.
The bolt of cold misses you. 😨 HP[+12]
You regained 12 hp, and now have 33/93 hp.
You hit the frost giant but do no damage.
The frost giant looks as sick as possible!
You headbutt the frost giant!
You kill the frost giant! 😨 HP[+1]
You now have 94 max hp (+1).
The polar bear looks more healthy.
The polar bear goes berserk!
You hear an angry growl. 😨 HP[+1]
Aiming: Throw Flame
Press: ? - help, Q - select action, (/) - cycle Shift-Dir - straight line, f - polar bear
Aim: a polar bear (almost dead, berserk, 82% to hit)
The puff of flame misses the polar bear.
The polar bear bites you but does no damage.
The polar bear claws you but does no damage.
The polar bear claws you.
* * * LOW HITPOINT WARNING * * *
😨 HP[-1]
You take 1 damage, and now have 34/94 hp.
You hit the polar bear.
You kill the polar bear!
The dead are walking!
The polar bear bites your polar bear zombie.
The polar bear claws your polar bear zombie. x2 😨 HP[+1]
The polar bear bites your polar bear zombie but does no damage.
The polar bear claws your polar bear zombie but does no damage.
The polar bear claws your polar bear zombie. 😨 HP[+2]
You regained 2 hp, and now have 37/94 hp.
Your polar bear zombie bites the polar bear!
Your polar bear zombie closely misses the polar bear.
Your polar bear zombie claws the polar bear but does no damage.
The polar bear completely misses your polar bear zombie.
The polar bear barely misses your polar bear zombie.
The polar bear claws your polar bear zombie. 😨 HP[+1]
Your polar bear zombie bites the polar bear.
Your polar bear zombie claws the polar bear.
Your polar bear zombie barely misses the polar bear.
The polar bear goes berserk!
The polar bear bites your polar bear zombie!
The polar bear barely misses your polar bear zombie.
The polar bear claws your polar bear zombie.
Your polar bear zombie bites the polar bear but does no damage.
Your polar bear zombie claws the polar bear.
Your polar bear zombie claws the polar bear but does no damage.
The polar bear bites your polar bear zombie!!
The polar bear barely misses your polar bear zombie.
The polar bear claws your polar bear zombie but does no damage.
The polar bear barely misses your polar bear zombie.
The polar bear claws your polar bear zombie but does no damage. x2
Your polar bear zombie bites the polar bear.
Your polar bear zombie barely misses the polar bear.
Your polar bear zombie claws the polar bear but does no damage. 😨 HP[+1]
The polar bear bites your polar bear zombie!
Your polar bear zombie is destroyed!
Aiming: Throw Flame
Press: ? - help, Q - select action, (/) - cycle Shift-Dir - straight line, f - polar bear
Aim: a polar bear (severely wounded, berserk, 82% to hit)
The puff of flame hits the polar bear!
The polar bear bites you.
* * * LOW HITPOINT WARNING * * *
The polar bear claws you but does no damage. x2
The polar bear attacks as you move away!
The polar bear bites you!!
* * * LOW HITPOINT WARNING * * *
The polar bear claws you but does no damage.
The polar bear closely misses you. 😱 HP[-21]
You take 21 damage, and now have 18/94 hp.
MASSIVE DAMAGE!! (PAUSE)
You fade into invisibility!
The polar bear barely misses you. The polar bear claws you.
* * * LOW HITPOINT WARNING * * *
The polar bear barely misses you. The polar bear bites you!
* * * LOW HITPOINT WARNING * * *
The polar bear closely misses you.
The polar bear claws you but does no damage. 😱 HP[-16]
You take 16 damage, and now have 2/94 hp.
You hit the polar bear but do no damage.
The polar bear is poisoned.
The polar bear bites you.
You die...
Your body rises from the dead as a mindless zombie.

Skill      XL: |  1  2  3  4  5  6  7  8  9 10 11 12 |
---------------+-------------------------------------+-----
Dodging        | 1 2 3 4 5 6 7 |  7.6
Armour         | 2 3 4 5 6 7 |  7.8
Spellcasting   | 1 2 3 4 5 6 7 |  7.5
Fighting       | 2 3 4 5 6 7 8 |  8.3
Evocations     | 4 5 6 7 8 |  8.9
Necromancy     | 2 4 5 7 |  7.7
Invocations    | 1 4 6 7 8 |  8.5
Stealth        | |  0.8

Action                   |  1- 3 |  4- 6 |  7- 9 | 10-12 || total
-------------------------+-------+-------+-------+-------++-------
Melee: Club              |    41 |       |       |       ||    41
       Dagger            |    77 |       |       |       ||    77
       Mace              |    66 |    72 |    30 |    34 ||   202
       Punch             |     2 |     2 |     6 |     1 ||    11
       Headbutt          |    10 |    23 |    70 |    97 ||   200
       Rapier            |       |    59 |   270 |   322 ||   651
 Fire: Shortbow          |       |       |       |    44 ||    44
Throw: Dart              |       |       |       |    17 ||    17
 Cast: Vampiric Draining |       |       |       |    52 ||    52
Invok: Dark Bargain      |       |       |       |     3 ||     3
       Recall Undead Har |       |       |       |     1 ||     1
       Drain Life        |       |       |       |     1 ||     1
Evoke: Wand              |     3 |     5 |    12 |    35 ||    55
  Use: Scroll            |       |       |     7 |     6 ||    13
       Potion            |       |       |       |    13 ||    13
 Stab: Sleeping          |     7 |     2 |     1 |       ||    10
       Invisible         |       |       |     4 |     1 ||     5
       Distracted        |       |       |       |     3 ||     3
Armor: Leather armour    |    52 |    43 |    17 |    40 ||   152
       Robe              |       |       |    46 |    29 ||    75
       Plate armour      |       |       |       |   173 ||   173
Dodge: Dodged            |   133 |    90 |   381 |   522 ||  1126

Levels and vault maps discovered:
D:1:      matt_arrival_los_fun, layout_basic,
          chequers_ecumenical_altar_simple_redux
D:2:      layout_basic, uniq_crazy_yiuf_cottage
D:3:      minmay_door_path, layout_basic, mainiacjoe_overflow_cross_hatched,
          gammafunk_ghost_necromancy, kennysheep_generic_room_9, uniq_jessica
D:4:      layout_basic, minmay_fractal_squares_5
D:5:      layout_basic, elyvilon_altar_1, overflow_temple_1_default, hex_tiny,
          uniq_sigmund
D:6:      layout_basic, kennysheep_mini, minmay_temple_entry_gardened_gates,
          gammafunk_ghost_arena, nicolae_shop_firing_range, uniq_grinder,
          uniq_maggie, uniq_blork_the_orc
D:7:      layout_rooms, general_overflow_altar, hellmonk_ghost_happy_afterlife
D:8:      layout_gridville, nicolae_wu_jian_glorious_leap, david_lair_generic,
          hangedman_incinerator
Temple:   kb_temple_of_zot
Lair:1:   layout_regular_city, gammafunk_ghost_berserking_beasts
Lair:2:   layout_misc_corridors, swamp_mist, spider_nest_entry_webs,
          ebering_ghost_rock_garden, lemuel_fruit_tree
Lair:3:   layout_big_grid, gauntlet_entry_generic,
          portal_ice_cave_entry_pillars_1, dreamdust_wasp_nest
IceCv:    ice_cave_caverns_02

Notes
Turn   | Place    | Note
-------+----------+-------------------------------------------
     0 | D:1      | mcwallace the Demonspawn Artificer began the quest for the
                  | Orb.
     0 | D:1      | Reached XP level 1. HP: 15/15 MP: 1/1
     0 | D:1      | magus.rc [v1.9.6]
   163 | D:1      | Reached skill level 1 in Dodging
   506 | D:1      | Gained mutation: Your movements are slightly less
                  | encumbered by armour. (ER -2) [demonic ancestry]
   506 | D:1      | Reached XP level 2. HP: 15/21 MP: 2/2
   730 | D:1      | Reached skill level 2 in Armour
   870 | D:1      | You pick up a book of Displacement and begin reading...
   870 | D:1      | You add the spells Lesser Beckoning, Gell's Gravitas and
                  | Teleport Other to your library.
   888 | D:1      | Found a faded altar of an unknown god.
   937 | D:1      | HP: 4/21 [jackal (3)]
  1997 | D:2      | Gained mutation: You have a pair of small horns on your
                  | head. [demonic ancestry]
  1997 | D:2      | Reached XP level 3. HP: 26/26 MP: 4/4
  2003 | D:2      | Reached skill level 1 in Spellcasting
  3181 | D:2      | Found a runed translucent door.
  3182 | D:2      | Noticed Crazy Yiuf
  3494 | D:3      | Gained mutation: You regenerate a little health from kills.
                  | [demonic ancestry]
  3494 | D:3      | Reached XP level 4. HP: 32/33 MP: 5/5
  3667 | D:3      | Reached skill level 2 in Fighting
  3940 | D:3      | Found a burning altar of Makhleb.
  4002 | D:3      | Found a runed translucent gate.
  4003 | D:3      | Found a runed translucent gate.
  4003 | D:3      | Found a runed translucent gate.
  4004 | D:3      | Noticed Jessica
  4006 | D:3      | Killed Jessica
  4019 | D:3      | Noticed Kazon's ghost (amateur OgGl)
  4630 | D:4      | Reached skill level 2 in Dodging
  4633 | D:4      | Reached XP level 5. HP: 36/38 MP: 7/7
  4836 | D:4      | Reached skill level 2 in Spellcasting
  4871 | D:4      | Reached skill level 3 in Armour
  4871 | D:4      | Reached skill level 4 in Evocations
  4871 | D:4      | Reached XP level 6. HP: 41/46 MP: 9/9
  4981 | D:4      | You pick up a book of Debilitation and begin reading...
  4981 | D:4      | You add the spells Slow, Vampiric Draining and Confusing
                  | Touch to your library.
  5237 | D:4      | Reached skill level 3 in Fighting
  5258 | D:5      | Entered Level 5 of the Dungeon
  5657 | D:5      | Found a broken altar of Ashenzari.
  5800 | D:5      | Noticed Sigmund
  5809 | D:5      | Killed Sigmund
  5810 | D:5      | Reached skill level 3 in Dodging
  5810 | D:5      | Reached skill level 3 in Spellcasting
  5810 | D:5      | Reached XP level 7. HP: 52/52 MP: 11/11
  6284 | D:6      | Noticed Grinder
  6294 | D:6      | Killed Grinder
  6295 | D:6      | Reached skill level 4 in Fighting
  6295 | D:6      | Reached skill level 4 in Armour
  6295 | D:6      | Reached skill level 5 in Evocations
  6295 | D:6      | Reached XP level 8. HP: 42/60 MP: 11/13
  6770 | D:6      | Reached skill level 1 in Necromancy
  6862 | D:5      | Reached skill level 4 in Dodging
  7196 | D:6      | Found a transporter.
  7196 | D:6      | Noticed Maggie
  7240 | D:6      | Killed Maggie
  7241 | D:6      | Reached skill level 4 in Spellcasting
  7241 | D:6      | Reached skill level 2 in Necromancy
  7345 | D:6      | Found a staircase to the Ecumenical Temple.
  7345 | D:6      | Noticed Blork the orc
  7364 | D:6      | Killed Blork the orc
  7369 | D:6      | Found Doept's Firing Range.
  7400 | Temple   | Entered the Ecumenical Temple
  7550 | Temple   | Became a worshipper of Yredelemnul the Dark
  7750 | D:6      | Found a hazy altar of Hepliaklqana.
  7837 | D:6      | Found a transporter.
  7837 | D:6      | Noticed kevlar127's ghost (novice TrBe)
  8004 | D:6      | Reached * piety under Yredelemnul
  8066 | D:6      | Reached skill level 1 in Invocations
  8215 | D:6      | Reached ** piety under Yredelemnul
  8216 | D:6      | Reached XP level 9. HP: 67/67 MP: 15/15
  8256 | D:6      | Reached skill level 5 in Fighting
  8256 | D:6      | Reached skill level 3 in Necromancy
  8256 | D:6      | Reached skill level 6 in Evocations
  8311 | D:7      | Found a shimmering altar of Xom.
  8353 | D:7      | Reached skill level 5 in Armour
  8382 | D:7      | Found a runed translucent door.
  8382 | D:7      | Noticed mcwallace's ghost (novice VSSu)
  8614 | D:7      | Reached skill level 2 in Invocations
  9101 | D:8      | Found a staircase to the Lair.
  9407 | D:8      | Found an ornate altar of the Wu Jian Council.
  9532 | D:8      | Reached skill level 5 in Dodging
  9532 | D:8      | Reached skill level 3 in Invocations
  9535 | D:8      | Reached skill level 4 in Necromancy
  9541 | D:8      | Reached skill level 5 in Spellcasting
  9625 | D:8      | HP: 15/69 [hell hound (7)]
 10291 | D:8      | Reached skill level 4 in Invocations
 10583 | D:8      | Gained mutation: You have a pair of horns on your head.
                  | [demonic ancestry]
 10583 | D:8      | Reached XP level 10. HP: 72/76 MP: 17/17
 10735 | D:8      | Reached skill level 6 in Fighting
 10779 | Lair:1   | Entered Level 1 of the Lair of Beasts
 10789 | Lair:1   | Noticed a black mamba
 10807 | Lair:1   | HP: 13/76 [black mamba (15)]
 10810 | Lair:1   | Killed a black mamba
 11065 | D:8      | Learned a level 3 spell: Vampiric Draining
 11091 | D:8      | HP: 18/76 [poisoned by a water moccasin]
 11096 | D:8      | HP: 14/76 [poisoned by a water moccasin]
 11404 | Lair:1   | Noticed a cane toad
 11438 | Lair:1   | Killed a cane toad
 11439 | Lair:1   | Reached skill level 7 in Evocations
 11577 | Lair:1   | Found a transporter.
 11588 | Lair:1   | Noticed an elephant
 11592 | Lair:1   | Noticed a torpor snail
 11592 | Lair:1   | Noticed spiderkeys's ghost (journeyman OpCj)
 11594 | Lair:1   | Noticed a boulder beetle
 11595 | Lair:1   | Noticed a four-headed hydra
 11595 | Lair:1   | Noticed a boulder beetle
 11596 | Lair:1   | Noticed a moth of wrath
 11597 | Lair:1   | Noticed a moth of wrath
 11621 | Lair:1   | Killed an elephant
 11622 | Lair:1   | Reached skill level 6 in Armour
 11622 | Lair:1   | Reached skill level 5 in Necromancy
 11750 | Lair:1   | Reached skill level 5 in Invocations
 11752 | Lair:1   | Noticed an elephant
 11752 | Lair:1   | Noticed an elephant
 11753 | Lair:1   | Noticed an elephant
 11761 | Lair:1   | Killed an elephant
 11762 | Lair:1   | Killed an elephant
 11766 | Lair:1   | Killed an elephant
 11767 | Lair:1   | Reached skill level 6 in Dodging
 11895 | Lair:1   | Noticed a cane toad
 11906 | Lair:1   | Killed a cane toad
 11907 | Lair:1   | Reached skill level 6 in Spellcasting
 12267 | Lair:1   | Noticed a cane toad
 12280 | Lair:1   | Killed a cane toad
 12280 | Lair:1   | Reached *** piety under Yredelemnul
 12479 | Lair:1   | Reached skill level 6 in Invocations
 12486 | Lair:1   | Gained mutation: Your movements are less encumbered by
                  | armour. (ER -4) [demonic ancestry]
 12486 | Lair:1   | Reached XP level 11. HP: 55/83 MP: 20/20
 12847 | Lair:1   | Found a transporter.
 13044 | Lair:2   | Reached skill level 7 in Fighting
 13381 | Lair:2   | Reached skill level 6 in Necromancy
 13518 | Lair:2   | Found a runed translucent gate.
 13518 | Lair:2   | Found a runed translucent gate.
 13519 | Lair:2   | Found a runed translucent gate.
 13520 | Lair:2   | Noticed iguanaiguana's ghost (journeyman SpHu)
 13708 | Lair:2   | Found a staircase to the Swamp.
 13829 | Lair:2   | Found a hole to the Spider Nest.
 14167 | Lair:3   | Reached skill level 8 in Evocations
 14176 | Lair:3   | Found a frozen archway.
 14197 | IceCv    | Entered an ice cave
 14298 | IceCv    | Reached skill level 7 in Armour
 14298 | IceCv    | Reached skill level 7 in Invocations
 14584 | IceCv    | Noticed a white ugly thing
 14600 | IceCv    | Killed a white ugly thing
 14776 | IceCv    | You pick up a book of Ice and begin reading...
 14776 | IceCv    | You add the spells Freezing Cloud and Polar Vortex to your
                  | library.
 14822 | IceCv    | Reached skill level 7 in Dodging
 14869 | IceCv    | HP: 17/85 [polar bear (21)]
 15188 | IceCv    | Reached skill level 7 in Spellcasting
 15194 | IceCv    | Reached skill level 7 in Necromancy
 15578 | IceCv    | Gained mutation: You have a pair of large horns on your
                  | head. [demonic ancestry]
 15578 | IceCv    | Reached XP level 12. HP: 63/92 MP: 22/22
 15825 | IceCv    | Reached **** piety under Yredelemnul
 15831 | IceCv    | Noticed a death yak
 15837 | IceCv    | Reached skill level 8 in Fighting
 15840 | IceCv    | HP: 6/92 [death yak (20)]
 15844 | IceCv    | Killed a death yak
 15845 | IceCv    | Reached skill level 8 in Invocations
 16249 | IceCv    | Noticed a frost giant
 16249 | IceCv    | Noticed a death yak
 16249 | IceCv    | Noticed a death yak
 16271 | IceCv    | Killed a death yak
 16280 | IceCv    | Killed a death yak
 16285 | IceCv    | HP: 16/93 [frost giant/bolt of cold (20)]
 16301 | IceCv    | HP: 20/93 [frost giant/bolt of cold (15)]
 16301 | IceCv    | HP: 5/93 [frost giant/+2 battleaxe of freezing (15)]
 16301 | IceCv    | HP: 1/93 [frost giant/+2 battleaxe of freezing (4)]
 16304 | IceCv    | Killed a frost giant
 16319 | IceCv    | HP: 18/94 [polar bear (21)]
 16320 | IceCv    | HP: 2/94 [polar bear (15)]
 16322 | IceCv    | Slain by a polar bear

Vanquished Creatures
  A frost giant (IceCv)
  2 death yaks (IceCv)
  An ugly thing (IceCv)
  3 elephants (Lair:1)
  A black mamba (Lair:1)
  4 cane toads
  Maggie (D:6)
  A komodo dragon (Lair:2)
  10 polar bears
  2 blink frogs (Lair:2)
  Grinder (D:6)
  Sigmund (D:5)
  A wyvern (D:8)
  2 fire bats (D:8)
  11 yaks
  A fire bat zombie (D:8)
  5 water moccasins
  A hell hound (D:8)
  An ice beast (D:8)
  4 black bears
  16 wolves
  Blork the orc (D:6)
  3 bullfrogs
  A gnoll sergeant (D:6)
  3 scorpions
  A necrophage (D:5)
  5 wights
  3 killer bees (D:8)
  6 hounds
  An orc priest (D:5)
  Jessica (D:3)
  An iguana (D:5)
  2 orc wizards
  16 gnolls
  7 adders
  2 shadow imps (D:5)
  3 ufetubi
  2 worms (D:3)
  4 dart slugs
  19 orcs
  10 ball pythons
  6 bats
  6 endoplasms
  7 giant cockroaches
  9 goblins
  6 hobgoblins
  4 jackals (D:1)
  3 quokkas
  3 training dummies (D:6)
  6 frilled lizards
  5 kobolds
  4 rats
220 creatures vanquished.

Vanquished Creatures (collateral kills)
  A death yak (IceCv)
  An ice statue (IceCv)
  An elephant (Lair:1)
  A cane toad (Lair:3)
  A rime drake (Lair:1)
  2 komodo dragons (Lair:1)
  3 polar bears (IceCv)
  3 blink frogs (Lair:2)
  3 yaks (IceCv)
  2 fire bats (D:8)
  A basilisk (D:8)
  A redback (Lair:2)
  A water moccasin (Lair:1)
  An ice beast (D:8)
  8 wolves
  A necrophage (D:6)
  2 killer bees (D:8)
  A hound (D:6)
  An orc priest (D:8)
  A gnoll bouda (D:7)
  An orc wizard (D:6)
  A white imp (D:8)
  2 orcs (D:8)
40 creatures vanquished.

Vanquished Creatures (others)
  A fire bat zombie (D:8)
  A spectral polar bear (IceCv)
  A komodo dragon zombie (Lair:1)
  A wyvern zombie (D:8)
  7 yak zombies
  A polar bear zombie (IceCv)
  8 wolf zombies
  A bullfrog zombie (D:8)
  2 killer bee zombies (D:8)
  An ice beast zombie (D:8)
  A spectral white imp (D:8)
  A gnoll zombie (D:7)
  2 orc zombies (D:7)
  6 fungi
  4 plants
38 creatures vanquished.

Grand Total: 298 creatures vanquished

Table legend:
 A = Non-vault XP
 B = Vault XP
 C = Vault XP percentage of total XP
 D = Non-vault monster count
 E = Vault monster count
 F = Vault count percentage of total count
                 A         B        C        D         E       F
            +---------+---------+-------+---------+---------+-------
      Total |   12352 |   15846 |  56.2 |     182 |      77 |  29.7
            +---------+---------+-------+---------+---------+-------
        D:1 |      40 |       0 |   0.0 |      21 |       0 |   0.0
        D:2 |      55 |       0 |   0.0 |      24 |       0 |   0.0
        D:3 |      34 |      46 |  57.5 |      17 |       5 |  22.7
        D:4 |     322 |      23 |   6.7 |      15 |       6 |  28.6
        D:5 |     511 |     239 |  31.9 |      14 |       1 |   6.7
        D:6 |     947 |     758 |  44.5 |      24 |       6 |  20.0
        D:7 |     327 |       0 |   0.0 |      18 |       0 |   0.0
        D:8 |     765 |    1711 |  69.1 |      15 |       9 |  37.5
     Lair:1 |    5500 |       0 |   0.0 |      17 |       0 |   0.0
     Lair:2 |    2631 |     170 |   6.1 |      13 |       1 |   7.1
     Lair:3 |    1220 |       0 |   0.0 |       4 |       0 |   0.0
      IceCv |       0 |   12899 | 100.0 |       0 |      49 | 100.0
            +---------+---------+-------+---------+---------+-------

Illustrated notes

Table legend:
 A = Kills in this place as a percentage of kills in entire the game.
 B = Kills by you in this place as a percentage of kills by you in the entire game.
 C = Kills by friends in this place as a percentage of kills by friends in the entire game.
 D = Other kills in this place as a percentage of other kills in the entire game.
 E = Experience gained in this place as a percentage of experience gained in the entire game.
 F = Experience gained in this place divided by the number of levels of this place that you have seen.
                   A       B       C       D       E      F
               +-------+-------+-------+-------+-------+----------------------
         Total | 100.0 | 100.0 | 100.0 |   N/A | 100.0 | 2169.1
       Dungeon |  67.6 |  73.5 |  35.0 |   N/A |  20.5 | 722.2
          Lair |  13.5 |  10.5 |  30.0 |   N/A |  33.8 | 3173.7
      Ice Cave |  18.9 |  16.0 |  35.0 |   N/A |  45.7 | 12899.0
               +-------+-------+-------+-------+-------+----------------------

Table legend: (Time is in decaauts)
 A = Elapsed time spent in this place.
 B = Non-inter-level travel time spent in this place.
 C = Inter-level travel time spent in this place.
 D = Time resting spent in this place.
 E = Time spent auto-exploring this place.
 F = Levels seen in this place.
 G = Mean time per level.
                   A        B        C        D        E       F      G
               +--------+--------+--------+--------+--------+-----+--------+
         Total |  16566 |  16238 |    328 |   3503 |   9419 |  13 | 1274.3 |
       Dungeon |  11399 |  11110 |    289 |   1509 |   7799 |   8 | 1424.9 |
        Temple |    154 |    136 |     18 |      0 |    120 |   1 |  154.0 |
          Lair |   2823 |   2802 |     21 |    885 |   1030 |   3 |  941.0 |
      Ice Cave |   2189 |   2189 |      0 |   1109 |    470 |   1 | 2189.0 |
               +--------+--------+--------+--------+--------+-----+--------+

Top non-repeatable levels by time:
     D:8: 2467 daAuts
   IceCv: 2189 daAuts
     D:1: 2006 daAuts
  Lair:1: 1577 daAuts
     D:6: 1496 daAuts
     D:5: 1447 daAuts
     D:2: 1346 daAuts
     D:3: 1240 daAuts
  Lair:2: 1121 daAuts
     D:4: 733 daAuts
     D:7: 662 daAuts
  Temple: 154 daAuts
  Lair:3: 124 daAuts
